[Event "Titled Tuesday Blitz October 5 2021"]
[White "Florescu, Codrut-Constantin"]
[Black "Kovalchuk94"]
[WhiteFideId "1202200"]
[WhiteElo "2243"]
[BlackElo "2685"]
[Result "1/2-1/2"]
[Round "09"]
[TimeControl "180+1"]
[Date "2021.10.05"]
[WhiteClock "0:00:07"]
[BlackClock "0:00:15"]

1. d4 Nf6 2. c4 e6 3. Nf3 d5 4. Nc3 Bb4 5. Qa4+ Nc6 6. Bg5 O-O 7. e3 dxc4 8. Bxc4 Bd6 9. O-O h6 10. Bxf6 Qxf6 11. Rac1 e5 12. Ne4 Qg6 13. Nxd6 cxd6 14. Bb5 Bh3 15. Nh4 Qg4 16. dxe5 Nxe5 17. Qxg4 Bxg4 18. h3 Be6 19. f4 Nc6 20. Bxc6 bxc6 21. Rxc6 Bxa2 22. Rxd6 Rfe8 23. Kf2 Rab8 24. Rd2 Bb3 25. Rc1 Rb7 26. Nf5 Reb8 27. Nd4 Bd5 28. Nc6 Rxb2 29. Rcc2 Rxc2 30. Rxc2 Rb7 31. Nd4 a5 32. g4 a4 33. Rc3 g6 34. f5 Kg7 35. fxg6 fxg6 36. h4 Ra7 37. Ra3 Bc4 38. Kg3 Ra6 39. h5 gxh5 40. gxh5 Kf6 41. Kf4 Ra5 42. e4 Bf7 43. e5+ Rxe5 44. Rxa4 Rxh5 45. Ra6+ Kg7 46. Nf5+ Kh7 47. Rxh6+ Rxh6 48. Nxh6 1/2-1/2


[Site "https://www.chess.com"]

[Event "Titled Tuesday Blitz October 5 2021"]
[White "Gaehwiler, Gabriel"]
[Black "Avramidou, Anastasia"]
[WhiteFideId "1314530"]
[BlackFideId "4239873"]
[WhiteElo "2320"]
[BlackElo "2183"]
[Result "1-0"]
[Round "09"]
[TimeControl "180+1"]
[Date "2021.10.05"]
[WhiteClock "0:00:11"]
[BlackClock "0:00:01"]

1. d4 Nf6 2. c4 e6 3. g3 c5 4. Nf3 cxd4 5. Nxd4 Qa5+ 6. Nd2 Qb6 7. e3 Nc6 8. Nb5 a6 9. Nc3 Ne5 10. Qe2 Bb4 11. Bg2 Bxc3 12. bxc3 O-O 13. O-O d6 14. Ba3 Rd8 15. Rfd1 Qc7 16. Rab1 Rb8 17. f4 Ned7 18. Nb3 Nf8 19. c5 d5 20. Nd4 Bd7 21. Rb6 Ba4 22. Rdb1 N8d7 23. R6b4 Nxc5 24. Rb6 Be8 25. Qe1 Na4 26. R6b3 b5 27. h3 Rbc8 28. Ne2 Ne4 29. Rc1 Nec5 30. Qd1 Nxb3 31. axb3 Nc5 32. Nd4 Ne4 33. Qe1 Qb6 34. Bb2 a5 35. Ra1 b4 36. c4 dxc4 37. Bxe4 c3 38. Bc1 a4 39. Bc2 Ra8 40. bxa4 Rxd4 41. exd4 b3 42. Qe4 bxc2 43. Qxa8 Qxd4+ 44. Kg2 Qd7 45. Ra2 1-0


[Site "https://www.chess.com"]

[Event "Titled Tuesday Blitz October 5 2021"]
[White "Garcia Blanco, Omar"]
[Black "Karttunen, Mika"]
[WhiteFideId "2287153"]
[BlackFideId "502081"]
[WhiteElo "2291"]
[BlackElo "2343"]
[Result "1-0"]
[Round "09"]
[TimeControl "180+1"]
[Date "2021.10.05"]
[WhiteClock "0:00:47"]
[BlackClock "0:00:24"]

1. e4 c5 2. c3 d5 3. exd5 Qxd5 4. d4 Nc6 5. Nf3 Bg4 6. dxc5 Qxd1+ 7. Kxd1 Bxf3+ 8. gxf3 e5 9. b4 a5 10. b5 Nd8 11. c6 bxc6 12. a4 Nf6 13. Na3 Nd5 14. Kc2 Bc5 15. Nc4 O-O 16. Nxe5 Bxf2 17. bxc6 Re8 18. f4 Ne6 19. Bc4 Nexf4 20. Bxf4 Nxf4 21. Bxf7+ Kf8 22. Bxe8 Rxe8 23. Rhf1 Rxe5 24. Rxf2 g5 25. h4 h6 26. hxg5 hxg5 27. Rg1 Ke7 28. Rb1 Kd6 29. Rb5 Re6 30. Rxg5 Nh3 31. Rd2+ Kxc6 32. Rxa5 Kb6 33. Rb5+ Ka6 34. Rd8 Re7 35. Ra8+ Ra7 36. Rxa7+ 1-0


[Site "https://www.chess.com"]

[Event "Titled Tuesday Blitz October 5 2021"]
[White "Gasanov, Zaur"]
[Black "Sharapov, Evgeny"]
[WhiteFideId "34125970"]
[BlackFideId "14103133"]
[WhiteElo "2099"]
[BlackElo "2367"]
[Result "0-1"]
[Round "09"]
[TimeControl "180+1"]
[Date "2021.10.05"]
[WhiteClock "0:00:01"]
[BlackClock "0:00:09"]

1. d4 d5 2. Nf3 Nf6 3. c4 c6 4. Nc3 g6 5. Bg5 Bg7 6. Bxf6 Bxf6 7. e3 O-O 8. cxd5 cxd5 9. Qb3 e6 10. Be2 Nc6 11. O-O Na5 12. Qc2 Bd7 13. b4 Nc6 14. Rfb1 Rc8 15. Qd2 a6 16. a4 Be7 17. b5 axb5 18. axb5 Nb8 19. Ne5 f6 20. Nd3 b6 21. Na2 Qe8 22. Ndb4 Bxb5 23. Nxd5 Bxe2 24. Nxe7+ Qxe7 25. Qxe2 Nd7 26. Nb4 Rc7 27. Qb5 Rfc8 28. h3 Qd6 29. Nd3 Qc6 30. Qb3 Qc4 31. Qxc4 Rxc4 32. Nf4 Kf7 33. Ra7 R4c7 34. Rba1 g5 35. Nd3 Ke7 36. Nb4 Kd6 37. R1a6 Rxa7 38. Rxa7 Rc1+ 39. Kh2 Rb1 40. Na2 Rb3 41. Nc1 Rc3 42. Ne2 Rc2 43. Ng3 f5 44. f3 b5 45. e4 f4 46. e5+ Kc6 47. Ne4 b4 48. Ra6+ Kb7 49. Rxe6 b3 50. Re7 b2 51. Rxd7+ Kc8 0-1


[Site "https://www.chess.com"]

[Event "Titled Tuesday Blitz October 5 2021"]
[White "Gelman, Alexander"]
[Black "Petesch, Gabriel"]
[WhiteFideId "4118316"]
[BlackFideId "2032465"]
[WhiteElo "2375"]
[BlackElo "2374"]
[Result "1-0"]
[Round "09"]
[TimeControl "180+1"]
[Date "2021.10.05"]
[WhiteClock "0:00:19"]
[BlackClock "0:00:06"]

1. d4 Nf6 2. Nc3 d6 3. e4 g6 4. f4 Bg7 5. Nf3 c6 6. Bd3 Bg4 7. Be3 Nbd7 8. h3 Bxf3 9. Qxf3 e5 10. dxe5 dxe5 11. f5 Qe7 12. g4 h6 13. O-O-O b6 14. h4 Bf8 15. a3 O-O-O 16. g5 hxg5 17. hxg5 Rxh1 18. Qxh1 Nh5 19. Bc4 Nf4 20. f6 Qe8 21. Qh7 Ne6 22. Kb1 Bc5 23. Bxc5 Ndxc5 24. Rxd8+ Nxd8 25. Qh3+ Nce6 26. Qg3 Nf4 27. Ne2 Nxe2 28. Bxe2 Qe6 29. Bg4 1-0


[Site "https://www.chess.com"]

[Event "Titled Tuesday Blitz October 5 2021"]
[White "Gombocz, Ferenc Jr."]
[Black "Martin Carmona, Gaston Manuel"]
[WhiteFideId "775029"]
[BlackFideId "22284567"]
[WhiteElo "1913"]
[BlackElo "2161"]
[Result "0-1"]
[Round "09"]
[TimeControl "180+1"]
[Date "2021.10.05"]
[WhiteClock "0:00:51"]
[BlackClock "0:01:04"]

1. c4 Nf6 2. g3 g6 3. Bg2 Bg7 4. Nc3 O-O 5. e4 d6 6. Nge2 c5 7. O-O Nc6 8. d3 Ne8 9. Be3 Nc7 10. d4 cxd4 11. Nxd4 Ne6 12. Nde2 Nc5 13. Rb1 Be6 14. Nd5 Qd7 15. b4 Nxe4 16. Bxe4 Bh3 17. Bg2 Bxg2 18. Kxg2 Ne5 19. c5 dxc5 20. bxc5 Rfd8 21. Ndc3 Qc6+ 22. f3 Rxd1 23. Rbxd1 Nc4 24. Bf2 Qe6 25. Rd3 Ne5 26. Rd2 Nxf3 27. Nf4 Qc6 28. Ncd5 Nxd2 0-1


[Site "https://www.chess.com"]

[Event "Titled Tuesday Blitz October 5 2021"]
[White "Goncalves, Ivan Mesquita V"]
[Black "Timmermans, Mark"]
[WhiteFideId "2114224"]
[BlackFideId "1026399"]
[WhiteElo "2656"]
[BlackElo "2820"]
[Result "1-0"]
[Round "09"]
[TimeControl "180+1"]
[Date "2021.10.05"]
[WhiteClock "0:00:43"]
[BlackClock "0:00:49"]

1. d4 Nf6 2. Nf3 e6 3. Bf4 d5 4. e3 Bd6 5. Nbd2 O-O 6. Bd3 b6 7. Qe2 Bb7 8. Bg5 Nbd7 9. h4 c5 10. c3 Qc7 11. Bxf6 Nxf6 12. Ba6 c4 13. Bxb7 Qxb7 14. h5 b5 15. h6 g6 16. a3 a5 17. Ng5 Ne4 18. Ndxe4 dxe4 19. Qg4 f5 20. Qe2 Qd5 21. g3 b4 22. axb4 axb4 23. O-O b3 24. Kg2 Be7 25. Nh3 g5 26. Qh5 f4 27. gxf4 gxf4 28. Qg4+ Kh8 29. Qg7# 1-0


[Site "https://www.chess.com"]

[Event "Titled Tuesday Blitz October 5 2021"]
[White "Gorin, Leonid"]
[Black "Erdogmus, Yagiz Kaan"]
[WhiteFideId "4131991"]
[BlackFideId "44599790"]
[WhiteElo "2363"]
[BlackElo "1783"]
[Result "0-1"]
[Round "09"]
[TimeControl "180+1"]
[Date "2021.10.05"]
[WhiteClock "0:00:14"]
[BlackClock "0:00:19"]

1. e4 c6 2. d4 d5 3. Nd2 dxe4 4. Nxe4 Bf5 5. Nc5 b6 6. Nb3 Nf6 7. Nf3 e6 8. g3 Bd6 9. Bg2 O-O 10. O-O Nbd7 11. Qe2 Qc7 12. Re1 Rac8 13. Ne5 c5 14. Nxd7 Nxd7 15. dxc5 Nxc5 16. Nd4 Bg6 17. h4 h6 18. h5 Bh7 19. Bxh6 gxh6 20. Nb5 Qe7 21. Qg4+ Qg5 22. Qxg5+ hxg5 23. Nxd6 Rcd8 24. Ne4 Nxe4 25. Bxe4 Rd2 26. Rad1 Rfd8 27. Bd3 Rxd1 28. Rxd1 Kg7 29. Kf1 g4 30. f3 gxf3 31. Kf2 Be4 32. Ke3 Bc6 33. g4 Kh6 34. Kf4 Rd4+ 35. Kg3 Kg5 36. Rh1 Rxg4+ 37. Kf2 Kh6 38. Rh2 e5 39. c4 e4 40. Bf1 f5 41. b4 f4 42. b5 e3+ 43. Ke1 Be4 44. a4 Rg1 45. Rh4 Bd3 46. Rxf4 Rxf1# 0-1


[Site "https://www.chess.com"]

[Event "Titled Tuesday Blitz October 5 2021"]
[White "Gracia Alvarez, Gerardo Antonio"]
[Black "Tsyhanchuk, Stanislav"]
[WhiteFideId "5109124"]
[BlackFideId "13505130"]
[WhiteElo "2148"]
[BlackElo "2078"]
[Result "0-1"]
[Round "09"]
[TimeControl "180+1"]
[Date "2021.10.05"]
[WhiteClock "0:00:01"]
[BlackClock "0:00:04"]

1. e4 c5 2. Nf3 d6 3. Bb5+ Nc6 4. O-O Bd7 5. Re1 a6 6. Bf1 Nf6 7. c3 Bg4 8. d4 cxd4 9. cxd4 Bxf3 10. gxf3 g6 11. Be3 Bg7 12. Nc3 O-O 13. Rc1 Nh5 14. d5 Ne5 15. f4 Nd7 16. Be2 Nhf6 17. Qb3 b5 18. a4 bxa4 19. Qxa4 e5 20. dxe6 fxe6 21. Red1 Qe7 22. Qa3 Nc5 23. e5 Nfe4 24. exd6 Qh4 25. Bxc5 Bxc3 26. bxc3 Rxf4 27. Be3 Rxf2 28. Bxf2 Qxf2+ 29. Kh1 Qxe2 30. Rf1 Nf2+ 31. Rxf2 Qxf2 32. Qb3 Qf3+ 33. Kg1 Qe3+ 34. Kg2 Qd2+ 35. Kg3 Qe3+ 36. Kg2 Rf8 37. Qc2 Qf3+ 38. Kg1 Qe3+ 39. Kh1 Qf3+ 40. Qg2 Qe3 41. Rg1 Rf2 42. Qa8+ Kg7 43. Qb7+ Kh6 44. d7 Qf4 0-1


[Site "https://www.chess.com"]

[Event "Titled Tuesday Blitz October 5 2021"]
[White "Gubajdullin, Alexei"]
[Black "Kostiukov, Alexandr"]
[WhiteFideId "4141202"]
[BlackFideId "14108100"]
[WhiteElo "2268"]
[BlackElo "2227"]
[Result "1-0"]
[Round "09"]
[TimeControl "180+1"]
[Date "2021.10.05"]
[WhiteClock "0:00:45"]
[BlackClock "0:00:04"]

1. d4 g6 2. Bf4 Bg7 3. e3 d6 4. Nf3 Nc6 5. Bc4 e5 6. dxe5 dxe5 7. Qxd8+ Kxd8 8. Bg3 f6 9. Nc3 Bd7 10. O-O-O Kc8 11. Rd2 Nge7 12. Rhd1 Rd8 13. Rxd7 Rxd7 14. Be6 Nb8 15. Ne4 b6 16. Nxf6 Bxf6 17. Bxe5 Ng8 18. g4 Kd8 19. Bxd7 Nxd7 20. g5 Be7 21. h4 Ke8 22. Bxc7 Rc8 23. Bf4 Nc5 24. Nd4 Kf7 25. f3 Ne6 26. Nxe6 Kxe6 27. e4 Rd8 28. Rd3 Rxd3 29. cxd3 Bd6 30. Be3 Bg3 31. d4 Bxh4 32. d5+ Kd7 33. Kd2 Ne7 34. Kd3 Be1 35. Kc4 1-0


[Site "https://www.chess.com"]

[Event "Titled Tuesday Blitz October 5 2021"]
[White "Hambleton, Aman"]
[Black "Weetik, Vjacheslav"]
[WhiteFideId "2606577"]
[BlackFideId "4153472"]
[WhiteElo "2552"]
[BlackElo "2469"]
[Result "1-0"]
[Round "09"]
[TimeControl "180+1"]
[Date "2021.10.05"]
[WhiteClock "0:00:03"]
[BlackClock "0:00:01"]

1. d4 d5 2. Bf4 Nf6 3. e3 c5 4. c3 Nc6 5. Nd2 Qb6 6. Qb3 c4 7. Qc2 Nh5 8. Bg3 g6 9. e4 e6 10. Be2 Nxg3 11. hxg3 Bd7 12. Ngf3 Bg7 13. g4 O-O-O 14. g5 h6 15. O-O-O Kb8 16. Kb1 h5 17. Nf1 dxe4 18. N3d2 Na5 19. Ne3 Rc8 20. Nxe4 Bb5 21. f4 Rhd8 22. g4 hxg4 23. Rh7 Bf8 24. Rxf7 Qa6 25. Rh1 Nc6 26. Rhh7 Ka8 27. Bxg4 Rb8 28. Bxe6 Ba4 29. Qe2 Rxd4 30. Bxc4 Rxc4 31. Qxc4 Bb5 32. Qd5 Bd3+ 33. Kc1 Rd8 34. Rd7 1-0


[Site "https://www.chess.com"]

[Event "Titled Tuesday Blitz October 5 2021"]
[White "Hamidi, Amir Mohammad"]
[Black "Onyshchuk, Volodymyr"]
[WhiteFideId "12563285"]
[BlackFideId "14114038"]
[WhiteElo "2711"]
[BlackElo "2848"]
[Result "0-1"]
[Round "09"]
[TimeControl "180+1"]
[Date "2021.10.05"]
[WhiteClock "0:02:16"]
[BlackClock "0:02:19"]

1. d4 d6 2. c4 e5 3. Nc3 exd4 4. Qxd4 Nc6 5. Qd2 Nf6 6. b3 a5 7. Bb2 a4 8. Nxa4 d5 9. cxd5 Ne4 10. Qe3 Rxa4 11. bxa4 Bb4+ 12. Kd1 Qxd5+ 13. Kc2 O-O 14. Rd1 Qxa2 15. Qxe4 Qxa4+ 0-1


[Site "https://www.chess.com"]

[Event "Titled Tuesday Blitz October 5 2021"]
[White "Hasman, Cengiz"]
[Black "Shkapenko, Pavel"]
[WhiteFideId "413364"]
[BlackFideId "4151933"]
[WhiteElo "2020"]
[BlackElo "2386"]
[Result "0-1"]
[Round "09"]
[TimeControl "180+1"]
[Date "2021.10.05"]
[WhiteClock "0:00:04"]
[BlackClock "0:00:10"]

1. d4 Nf6 2. c4 e6 3. Bg5 Bb4+ 4. Nd2 h6 5. Bh4 g5 6. Bg3 Ne4 7. Nf3 g4 8. a3 Nxd2 9. Nxd2 Be7 10. e4 h5 11. e5 d6 12. Ne4 Nc6 13. exd6 cxd6 14. c5 dxc5 15. dxc5 Qxd1+ 16. Rxd1 e5 17. Bb5 f6 18. h4 Be6 19. b4 Kf7 20. Nd6+ Bxd6 21. Rxd6 Nd4 22. Bd7 Rad8 23. Bxe6+ Nxe6 24. O-O Rxd6 25. cxd6 Rd8 26. Rd1 Rd7 27. f3 gxf3 28. gxf3 Ng7 29. Bf2 b6 30. a4 Nf5 31. a5 bxa5 32. bxa5 Ke6 33. a6 Nxd6 34. Rb1 Rc7 35. Rb8 Rc6 36. Rh8 Rxa6 37. Rxh5 Nf7 38. Rh7 Ra2 39. h5 a6 40. h6 Rc2 41. Be3 Rc8 42. Rg7 Rh8 43. h7 f5 44. Bd2 Kf6 45. Rg8 Rxh7 46. Ra8 f4 47. Rxa6+ Kf5 48. Bc3 Ng5 49. Kg2 Rc7 50. Ra3 Rc4 51. Rb3 Ra4 52. Rb5 Ra3 53. Rxe5+ Kg6 54. Rc5 Ra2+ 55. Kf1 Nxf3 56. Rc6+ Kf5 57. Rc5+ Kg4 58. Rc8 Nh2+ 59. Ke1 Nf3+ 60. Kf1 Ng5 61. Ke1 Ne4 62. Kf1 Rc2 63. Rg8+ Kf3 64. Be1 Rc1 65. Rf8 Ng3+ 66. Kg1 Rxe1+ 67. Kh2 Rh1# 0-1


[Site "https://www.chess.com"]

[Event "Titled Tuesday Blitz October 5 2021"]
[White "Hjartarson, Johann"]
[Black "Vovk, Orest"]
[WhiteFideId "2300044"]
[BlackFideId "14113490"]
[WhiteElo "2502"]
[BlackElo "2203"]
[Result "0-1"]
[Round "09"]
[TimeControl "180+1"]
[Date "2021.10.05"]
[WhiteClock "0:00:44"]
[BlackClock "0:00:10"]

1. c4 g5 2. d4 h6 3. Nc3 Bg7 4. e4 c5 5. Nge2 cxd4 6. Nxd4 Nc6 7. Be3 d6 8. Be2 Nf6 9. O-O Nd7 10. Nf5 Bxc3 11. bxc3 Nde5 12. f4 gxf4 13. Rxf4 Bxf5 14. exf5 Qa5 15. Qb3 O-O-O 16. Rb1 b6 17. Rh4 Nd7 18. Qb5 Qxb5 19. cxb5 Nce5 20. Rxh6 Rxh6 21. Bxh6 Kb8 22. Be3 Rc8 23. Bd4 Nc5 24. h4 Ne4 25. Rc1 Ng3 26. Kf2 Nxf5 27. Bxe5 dxe5 28. Bg4 e6 29. Bxf5 exf5 30. h5 Rh8 31. Rh1 Kc7 32. Kf3 Kd6 33. g4 fxg4+ 34. Kxg4 Ke6 35. h6 f5+ 36. Kg5 Rg8+ 37. Kh5 Kf6 38. h7 Rg5+ 39. Kh4 Rg4+ 40. Kh3 Kg7 41. Rf1 Rf4 42. Rxf4 exf4 43. Kg2 Kxh7 44. Kf3 Kg6 45. Kxf4 Kf6 46. c4 Ke6 47. a4 Kd6 48. Kxf5 Kc5 49. Ke5 Kxc4 50. Kd6 Kb4 0-1


[Site "https://www.chess.com"]

[Event "Titled Tuesday Blitz October 5 2021"]
[White "Hryshchenko, Kamila"]
[Black "Beulen, Marcel"]
[WhiteFideId "14147491"]
[BlackFideId "1001450"]
[WhiteElo "1929"]
[BlackElo "2386"]
[Result "0-1"]
[Round "09"]
[TimeControl "180+1"]
[Date "2021.10.05"]
[WhiteClock "0:00:35"]
[BlackClock "0:01:08"]

1. e4 d5 2. exd5 Qxd5 3. Nc3 Qa5 4. d4 Nf6 5. Nf3 Bf5 6. Bd2 c6 7. Bc4 e6 8. Qe2 Bb4 9. a3 Nbd7 10. O-O Bxc3 11. Bxc3 Qc7 12. h3 O-O 13. Rad1 b5 14. Bd3 Bxd3 15. Rxd3 Rfe8 16. Bd2 a6 17. g3 c5 18. Bf4 Qc6 19. Rc3 Nd5 20. Rd3 Nxf4 21. gxf4 cxd4 22. Nxd4 Qc5 23. Qg4 Nf6 24. Qg2 Rad8 25. c3 Rd5 26. Rg3 g6 27. Re1 Red8 28. Rge3 Kg7 29. Re5 Qc4 30. h4 Qd3 31. R1e2 Rxd4 32. cxd4 Rxd4 33. Qg3 Qb1+ 34. Re1 Qxb2 35. f5 Rg4 0-1


[Site "https://www.chess.com"]

[Event "Titled Tuesday Blitz October 5 2021"]
[White "Ibrahimli, Murad"]
[Black "Seo, Jung Min"]
[WhiteFideId "13410229"]
[BlackFideId "1734687"]
[WhiteElo "2958"]
[BlackElo "2736"]
[Result "0-1"]
[Round "09"]
[TimeControl "180+1"]
[Date "2021.10.05"]
[WhiteClock "0:00:02"]
[BlackClock "0:00:02"]

1. c4 Nf6 2. Nc3 e5 3. Nf3 Nc6 4. g3 d5 5. cxd5 Nxd5 6. Bg2 Nb6 7. d3 Be7 8. Be3 Be6 9. Rc1 O-O 10. O-O Qd7 11. a3 Nd5 12. Nxd5 Bxd5 13. Nd2 Bxg2 14. Kxg2 Qd5+ 15. Kg1 Rac8 16. Qb3 Qxb3 17. Nxb3 Bd6 18. Rc4 Ne7 19. Rfc1 b6 20. Nd2 c5 21. Ne4 Bb8 22. b4 cxb4 23. axb4 f6 24. b5 Kf7 25. g4 Ke6 26. Kg2 Rxc4 27. dxc4 Rc8 28. c5 bxc5 29. Nxc5+ Kf7 30. Rd1 Ke8 31. Na6 Ng6 32. Kf3 Nf8 33. Rd5 Ne6 34. Nxb8 Rxb8 35. Bxa7 Rb7 36. Be3 Nc7 37. Rc5 Nxb5 38. Rc8+ Kf7 39. Rd8 Ke7 40. Rh8 h6 41. Bc5+ Kf7 42. e3 Rd7 43. Rf8+ Ke6 44. h4 Nd6 45. Ra8 Nb7 46. Ba3 Nd8 47. Ke4 Kf7 48. Rc8 Ne6 49. Rb8 Ra7 50. Bb4 Rd7 51. Kf5 Nd8 52. Rc8 g6+ 53. Ke4 Ke6 54. Ra8 f5+ 55. Kf3 Nc6 56. Ra6 Kd5 57. Bf8 h5 58. gxh5 gxh5 59. Rb6 Rh7 60. Rb5+ Ke6 61. Rc5 Rc7 62. Kg3 Rc8 63. Bh6 Ne7 64. Ra5 Rg8+ 65. Kf3 e4+ 66. Ke2 Nd5 67. Ra6+ Kd7 68. Bg5 Rc8 69. Kd2 Nb4 70. Ra7+ Ke6 71. Rb7 Nd3 72. f4 Ra8 73. Rb6+ Kd5 74. Kc3 Ra3+ 75. Kc2 Ra2+ 76. Kc3 Ra3+ 77. Kc2 Ra2+ 78. Kb1 Re2 79. Rb5+ Ke6 80. Rb6+ Kd5 81. Rb5+ Kc4 82. Rxf5 Rxe3 83. Rf8 Rf3 84. f5 e3 85. Re8 Rxf5 86. Rxe3 Re5 87. Rf3 Re4 88. Rf4 Nxf4 89. Bxf4 Rxf4 90. Kc2 Rxh4 0-1


[Site "https://www.chess.com"]

[Event "Titled Tuesday Blitz October 5 2021"]
[White "Indjic, Aleksandar"]
[Black "Demchenko, Anton"]
[WhiteFideId "911925"]
[BlackFideId "4160258"]
[WhiteElo "2878"]
[BlackElo "2870"]
[Result "1-0"]
[Round "09"]
[TimeControl "180+1"]
[Date "2021.10.05"]
[WhiteClock "0:00:17"]
[BlackClock "0:00:03"]

1. d4 d5 2. c4 dxc4 3. Nf3 Nf6 4. e3 Bg4 5. Bxc4 e6 6. Nbd2 Nc6 7. Be2 Bd6 8. Nc4 O-O 9. O-O Qe7 10. h3 Bh5 11. Nfe5 Bxe2 12. Qxe2 Bxe5 13. dxe5 Nd7 14. f4 f6 15. exf6 Nxf6 16. b3 a5 17. Ba3 Nb4 18. Rad1 Nd7 19. Rd2 b6 20. Rfd1 Nc5 21. Qf3 Rad8 22. Bxb4 axb4 23. Ne5 Rxd2 24. Rxd2 Qf6 25. Rd4 Qf5 26. Qd1 g5 27. Ng4 Qg6 28. Rxb4 gxf4 29. Rxf4 Rxf4 30. exf4 Qd3 31. Qe1 Qd4+ 32. Qf2 Qc3 33. Kh2 Kf8 34. Qh4 Qd2 35. Qf6+ Ke8 36. Ne5 1-0


[Site "https://www.chess.com"]

[Event "Titled Tuesday Blitz October 5 2021"]
[White "Janaszak, Dawid"]
[Black "Royal, Shreyas"]
[WhiteFideId "1119206"]
[BlackFideId "448869"]
[WhiteElo "2215"]
[BlackElo "1931"]
[Result "0-1"]
[Round "09"]
[TimeControl "180+1"]
[Date "2021.10.05"]
[WhiteClock "0:00:10"]
[BlackClock "0:00:33"]

1. e4 e5 2. Nf3 Nc6 3. Bc4 Bc5 4. c3 Nf6 5. d3 O-O 6. a4 d5 7. exd5 Nxd5 8. O-O a6 9. Nbd2 Bg4 10. Ne4 Ba7 11. h3 Bh5 12. Ng3 Bg6 13. Re1 f6 14. a5 Kh8 15. Nh4 Bf7 16. Qg4 Nce7 17. Nhf5 Nxf5 18. Nxf5 Bg6 19. h4 Qc8 20. Bxd5 Bxf5 21. Qf3 c6 22. Bc4 Bg4 23. Qg3 Qf5 24. Be3 Bb8 25. f3 Bh5 26. Qf2 Bd6 27. g4 Bxg4 28. fxg4 Qxg4+ 29. Qg2 Qxh4 30. Bf2 Qh5 31. Re3 f5 32. Rh3 Qe8 33. Qh2 Qg6+ 34. Kh1 e4 35. Bg3 f4 36. Bf2 e3 37. Rg1 Qf5 38. Rh5 exf2 39. Rxf5 fxg1=Q+ 40. Kxg1 Rxf5 41. d4 Rf6 42. Bd3 g6 43. Qh4 Raf8 44. Kf1 f3 45. c4 f2 46. b3 Re6 47. Kg2 Re1 48. Bf1 Re3 49. Qh6 Rg3+ 50. Kh2 Rf5 51. Be2 f1=Q 52. Bxf1 Rh5+ 53. Qxh5 gxh5 54. c5 Bc7 0-1


[Site "https://www.chess.com"]

[Event "Titled Tuesday Blitz October 5 2021"]
[White "Jobava, Baadur"]
[Black "Moroni, Luca Jr"]
[WhiteFideId "13601520"]
[BlackFideId "865834"]
[WhiteElo "2969"]
[BlackElo "2843"]
[Result "1-0"]
[Round "09"]
[TimeControl "180+1"]
[Date "2021.10.05"]
[WhiteClock "0:00:14"]
[BlackClock "0:00:01"]

1. d4 g6 2. e4 Bg7 3. c4 d6 4. Nc3 c5 5. d5 Bxc3+ 6. bxc3 e5 7. Bd3 Qe7 8. f4 exf4 9. Bxf4 Nf6 10. Nf3 Bg4 11. O-O Nbd7 12. h3 Bxf3 13. Qxf3 Nh5 14. Bh2 f6 15. Bc2 O-O-O 16. g4 Ng7 17. Ba4 h5 18. Bxd7+ Qxd7 19. Qxf6 hxg4 20. h4 g3 21. Bxg3 Nh5 22. Qxd6 Qxd6 23. Bxd6 Rxd6 24. e5 Rdd8 25. Rf7 Ng3 26. Rb1 b6 27. Rxa7 Rdf8 28. Rxb6 Ne2+ 29. Kg2 Nf4+ 30. Kg3 Ne2+ 31. Kg4 Rf4+ 32. Kg5 Rh5+ 33. Kxg6 Rfxh4 34. e6 Rh6+ 35. Kf5 R6h5+ 36. Kf6 Rf4+ 37. Kg6 Rhf5 38. Rc6+ Kb8 39. Rf7 Re5 40. Rxc5 Rg4+ 41. Kf6 Re3 42. d6 Rf4+ 43. Ke7 Rfe4 44. Rf8+ Kb7 45. Rc7+ Kb6 46. Rb8+ Ka6 47. Ra8+ Kb6 48. Rb8+ Ka6 49. c5 Rxe6+ 50. Kd7 Nf4 51. Rb6+ Ka5 52. Ra7# 1-0


[Site "https://www.chess.com"]

[Event "Titled Tuesday Blitz October 5 2021"]
[White "Kamsky, Gata"]
[Black "Lewtak, Damian"]
[WhiteFideId "2000024"]
[BlackFideId "1141724"]
[WhiteElo "2603"]
[BlackElo "2203"]
[Result "1-0"]
[Round "09"]
[TimeControl "180+1"]
[Date "2021.10.05"]
[WhiteClock "0:01:51"]
[BlackClock "0:01:31"]

1. e4 c5 2. Nf3 d6 3. Bb5+ Bd7 4. Bxd7+ Qxd7 5. c4 e5 6. Nc3 Ne7 7. d3 g6 8. Rb1 Bg7 9. b4 b6 10. O-O O-O 11. bxc5 dxc5 12. Be3 Nbc6 13. Nd5 h6 14. a4 Nxd5 15. exd5 Ne7 16. a5 Nc8 17. axb6 axb6 18. Qb3 Kh7 19. Bd2 f5 20. Rfe1 Ra6 21. Nxe5 Bxe5 22. Rxe5 Nd6 23. Rbe1 Rf7 24. Re6 b5 25. cxb5 Rb6 26. Qa4 Nc8 27. Qh4 1-0


[Site "https://www.chess.com"]

[Event "Titled Tuesday Blitz October 5 2021"]
[White "Kaufman, Raymond"]
[Black "Lehtosaari, Mauri"]
[WhiteFideId "2015056"]
[BlackFideId "501999"]
[WhiteElo "2321"]
[BlackElo "2452"]
[Result "1-0"]
[Round "09"]
[TimeControl "180+1"]
[Date "2021.10.05"]
[WhiteClock "0:00:14"]
[BlackClock "0:00:02"]

1. e4 c5 2. Nc3 e6 3. Nf3 a6 4. g3 b5 5. Bg2 Bb7 6. d4 cxd4 7. Nxd4 Nc6 8. O-O Bc5 9. Nb3 Be7 10. Nd5 exd5 11. exd5 Ne5 12. d6 Bxg2 13. dxe7 Nxe7 14. Kxg2 O-O 15. Bf4 N7g6 16. Bxe5 Nxe5 17. Qd5 Qc7 18. Nd4 Rae8 19. Rfe1 d6 20. Nf5 Re6 21. Nxd6 Rxd6 22. Qxe5 Qc6+ 23. Qe4 Qxe4+ 24. Rxe4 Rd2 25. Rc1 Rc8 26. c4 g6 27. c5 Kf8 28. b4 Rxa2 29. Rd1 a5 30. Rd7 axb4 31. Ree7 b3 32. Rxf7+ Kg8 33. Rg7+ Kf8 34. Rxh7 Kg8 35. Rdg7+ Kf8 36. Rb7 Kg8 37. Rhg7+ Kh8 38. Rh7+ Kg8 39. Rhd7 b2 40. Rxb5 Re8 41. c6 Ra6 42. c7 Raa8 43. Rxb2 Rac8 44. Rb7 Kf8 45. h4 Re7 46. Rd8+ Re8 47. Rxc8 Rxc8 48. Rb8 1-0


[Site "https://www.chess.com"]

[Event "Titled Tuesday Blitz October 5 2021"]
[White "Kezin, Roman"]
[Black "Berezin, Viktor"]
[WhiteFideId "24124621"]
[BlackFideId "14107872"]
[WhiteElo "2809"]
[BlackElo "2452"]
[Result "1-0"]
[Round "09"]
[TimeControl "180+1"]
[Date "2021.10.05"]
[WhiteClock "0:01:31"]
[BlackClock "0:00:09"]

1. d4 Nf6 2. c4 g6 3. Nc3 Bg7 4. Nf3 d6 5. Bg5 O-O 6. e3 c5 7. d5 a6 8. Nd2 b5 9. cxb5 axb5 10. Bxb5 Ba6 11. a4 Nbd7 12. O-O Nb6 13. e4 Nfd7 14. Qe2 Bxb5 15. axb5 Rc8 16. Nb3 h6 17. Bh4 Ne5 18. Na5 g5 19. Bg3 Qd7 20. Nc6 Nec4 21. Ra7 Rc7 22. Rfa1 Rfc8 23. h3 Bd4 24. Kh2 Rxa7 25. Rxa7 Rc7 26. Ra6 Rb7 27. b3 Bxc3 28. bxc4 e5 29. dxe6 fxe6 30. Qd3 Qg7 31. Bxd6 Rd7 32. Rxb6 Qf6 33. Rb8+ Kg7 34. Qxc3 Qxc3 35. Be5+ Qxe5+ 36. Nxe5 1-0


[Site "https://www.chess.com"]

[Event "Titled Tuesday Blitz October 5 2021"]
[White "Khoroshev, Nikita"]
[Black "Demin, Vladimir"]
[WhiteFideId "14200287"]
[BlackFideId "4167457"]
[WhiteElo "2376"]
[BlackElo "2523"]
[Result "1-0"]
[Round "09"]
[TimeControl "180+1"]
[Date "2021.10.05"]
[WhiteClock "0:01:18"]
[BlackClock "0:00:07"]

1. e4 d5 2. exd5 Nf6 3. Nc3 Nxd5 4. Bc4 Nxc3 5. bxc3 g6 6. Qf3 e6 7. h4 h5 8. d4 Bg7 9. Bg5 Qd6 10. Bf4 Qe7 11. Bg5 Qd6 12. Ne2 O-O 13. O-O e5 14. dxe5 Qxe5 15. Nf4 Kh7 16. Nxh5 gxh5 17. Qxh5+ Kg8 18. Rae1 Qxc3 19. Bd3 f5 20. Re3 Qc6 21. Rfe1 Na6 22. Re7 Qd6 23. Bc4+ 1-0


[Site "https://www.chess.com"]